 Dungeon Crawl Stone Soup version 0.31-a0-880-g9a209b2425 (webtiles) character file.

Game seed: 5432565402575410136

45 BinkBink the Ruffian (level 3, -1/37 HPs)
             Began as a Troll Berserker on Oct 15, 2023.
             Was a Believer of Trog.
             Killed by divine providence
             ... invoked by an orc priest
              (12 damage)
             ... on level 2 of the Dungeon.
             The game lasted 00:00:54 (978 turns).

BinkBink the Ruffian (Troll Berserker)               Turns: 978, Time: 00:00:56

Health: -1/37      AC:  4    Str: 27    XL:     3   Next: 42%
Magic:  2/2        EV: 10    Int:  3    God:    Trog [**....]
Gold:   94         SH:  0    Dex:  9    Spells: 2/2 levels left

rFire   . .          .
                       - Unarmed
rCold   . . .        (no shield)
rNeg    . . .        a - +0 animal skin
rPois   .            (helmet restricted)
rElec   .            (no cloak)
rCorr   .            (gloves unavailable)
SInv    .            (boots unavailable)
Will    .....        (no amulet)
Stlth   +            (no ring)
HPRegen 1.06/turn    (no ring)
MPRegen 0.08/turn

%: no passive effects
@: no status effects
A: large, unfitting armour, claws 3, regeneration 1, shaggy fur 1, tough skin 1
a: Renounce Religion, Berserk, Trog's Hand


You were on level 2 of the Dungeon.
You worshipped Trog.
Trog was pleased with you.
You visited 1 branch of the dungeon, and saw 2 of its levels.

You collected 94 gold pieces.

Inventory:

Armour
 a - a +0 animal skin (worn)
Scrolls
 b - a scroll of revelation {unknown}
 c - a scroll of teleportation {unknown}
 d - a scroll of fog {unknown}
 h - a scroll of identify {unknown}
Potions
 e - 2 potions of brilliance {unknown}
 f - 2 potions of degeneration {unknown}
 g - a potion of lignification {unknown}
 i - a potion of curing {unknown}
 j - a potion of berserk rage {unknown}


   Skills:
 + Level 3.1 Fighting
 - Level 2.4 Dodging
 + Level 3.8 Unarmed Combat


You had 2 spell levels left.
You didn't know any spells.
Your spell library was empty.

Dungeon Overview and Level Annotations

Branches:
Dungeon (2/15)

Altars:


Innate Abilities, Weirdness & Mutations

You are too large for most types of armour.
You have claws for hands.
Your natural rate of healing is unusually fast.
You are covered in fur. (AC +1)
You have tough skin. (AC +1)


Message History

The orc shouts!
Found 5 gold pieces.
The orc shouts!
The orc barely misses you. The orc hits you with a +0 mace.
The orc hits you with a +0 club.
You claw the orc!
You kill the orc!
Trog accepts your kill.
The orc priest invokes the aid of Beogh against you.
Beogh smites you! The orc hits you with a +0 flail.
The orc hits you with a +0 mace.
The orc priest looks encouraged for a moment.
The orc hits you with a +0 flail!
* * * LOW HITPOINT WARNING * * *
You scratch the orc.
The orc is heavily wounded.
You closely miss the orc. The orc misses you. The orc closely misses you.
You claw the orc!
You kill the orc!
Trog accepts your kill.
The orc priest looks encouraged for a moment.
The orc hits you with a +0 flail!
* * * LOW HITPOINT WARNING * * *
You scratch the orc but do no damage. The orc closely misses you.
The orc hits you but does no damage.
You claw the orc!
You kill the orc!
Trog accepts your kill. The orc closely misses you.
You claw the orc!
You kill the orc!
Trog accepts your kill.
You barely miss the orc. The orc barely misses you. The orc closely misses you.
You claw the orc!
You kill the orc!
Trog accepts your kill. The orc misses you.
The orc priest invokes the aid of Beogh against you.
Beogh smites you!
You die...

##.⌠$###.#.# ##....##.#.
##.....##.#.# ##....#.##
#.......#.#.######........
#.......#...........##..##
#.......#...........##.>..
#.......#...........###.##
#....)..#....:.....## #.#
#.....o.#.#......).# #.#
#....o..#@##.......####.#
........o)o##.......'....#
####...######.......######
###..............#
################


You could see an orc priest and an orc.

Vanquished Creatures
  2 dart slugs (D:1)
  5 orcs (D:2)
  2 bats (D:1)
  4 endoplasms
  A giant cockroach (D:1)
  4 goblins
  2 hobgoblins
  3 jackals (D:1)
  2 quokkas (D:1)
  2 ball pythons (D:1)
  2 frilled lizards
  A kobold (D:1)
  4 rats (D:1)
34 creatures vanquished.

Notes
Turn   | Place    | Note
-------+----------+-------------------------------------------
     0 | D:1      | BinkBink the Troll Berserker began the quest for the Orb.
     0 | D:1      | Reached XP level 1. HP: 22/22 MP: 0/0
   208 | D:1      | Reached XP level 2. HP: 26/29 MP: 1/1
   346 | D:1      | Reached ** piety under Trog
   507 | D:1      | Reached XP level 3. HP: 37/37 MP: 2/2
   978 | D:2      | Killed from afar by an orc priest

Illustrated notes

Levels and vault maps discovered:
D:1:      matt_arrival_spirals, layout_rooms
D:2:      cheibrodos_pilgrimage, layout_basic

Skill      XL: |  1  2 |
---------------+-------+-----
Fighting       | 3 |  3.1
Dodging        | |  2.4
Unarmed Combat | |  3.8

Action                     || total
---------------------------++-------
  Melee: Unarmed           ||    58
         Punch             ||     2
 Armour: Animal skin       ||    22
  Dodge: Dodged            ||    28

Table legend: (Time is in decaauts)
 A = Elapsed time spent in this place.
 B = Non-inter-level travel time spent in this place.
 C = Inter-level travel time spent in this place.
 D = Time resting spent in this place.
 E = Time spent auto-exploring this place.
 F = Levels seen in this place.
 G = Mean time per level.
                   A        B        C        D        E       F      G
               +--------+--------+--------+--------+--------+-----+--------+
         Total |    974 |    918 |     56 |      0 |    763 |   2 |  487.0 |
       Dungeon |    974 |    918 |     56 |      0 |    763 |   2 |  487.0 |
               +--------+--------+--------+--------+--------+-----+--------+

Top non-repeatable levels by time:
     D:1: 563 daAuts
     D:2: 410 daAuts
